AoeStats
← Sayan_San

Arabia

509286303Analyzed
1v1 RM · 4d ago on Sep 26, 2026· 45m 2s· 2 players
Game mode
Random Map
Map size
Tiny (2 player)
Population
200
Speed
Normal
Resources
Standard
Victory
Conquest
Starting age
Dark Age
Ending age
Imperial Age
RankedLock teamsTeams togetherTeam positionsShared explorationLock speedFull tech treeHidden civsTurbo modeCheats
Victory
Defeat
🇺🇸 Varangians · United States
1031
+16
🇷🇺 Varangians · Russia
1033
-16
Sayan_San
6:34 Loom
9:41 Feudal Age
10:33 Double-Bit Axe
10:32 Horse Collar
15:49 Bloodlines
17:25 Scale Barding Armor
19:15 Forging
21:26 Wheelbarrow
20:37 Town Watch
21:25 Gold Mining
21:25 Stone Mining
25:08 Castle Age
25:17 Castle Age
23:55 Wheelbarrow
26:22 Husbandry
27:13 Bow Saw
27:41 Stone Shaft Mining
27:10 Heavy Plow
28:59 Hand Cart
31:03 Chain Barding Armor
33:23 Town Patrol
35:24 Iron Casting
36:15 Fletching
37:48 Devotion
37:59 Fervor
38:56 Vendel Legacy
MVU
2:34 Loom
10:07 Feudal Age
10:45 Double-Bit Axe
11:59 Horse Collar
16:29 Wheelbarrow
19:17 Castle Age
17:59 Forging
19:06 Town Watch
19:22 Pikeman
20:23 Squires
20:48 Heavy Plow
25:17 Fletching
25:28 Scale Mail Armor
27:26 Arson
29:42 Husbandry
32:47 Hand Cart
33:22 Bloodlines
35:53 Murder Holes
36:38 Bodkin Arrow
37:20 Iron Casting
38:03 Ballistics
42:31 Imperial Age
42:17 Chain Mail Armor
41:58 Bodkin Arrow
43:34 Conscription
42:37 Halberdier
44:04 Capped Ram
45:48 Plate Mail Armor
Connection lost

Rejoining the realm…

Still unreachable

The connection could not be restored.

Session expired

The server has moved on; the page needs a fresh start.